[Event "European Amateur-ch U2000 2019"]
[Site "Rhodes"]
[Date "2019.04.08"]
[Round "3.6"]
[White "Flis, Pawel"]
[Black "Mohnblatt, Daniel"]
[Result "0-1"]
[WhiteElo "1903"]
[BlackElo "1708"]
[Annotator "NA"]
[PlyCount "20"]
[EventDate "2019.04.06"]
[EventType "swiss"]
[EventCountry "GRE"]
[SourceTitle "playchess.com"]
[Source "ChessBase"]
[SourceQuality "1"]
[TimeControl "40/5400+30:1800+30"]

1. e4 c5 2. Nc3 Nc6 3. Bb5 Nd4 4. Bc4 e6 5. Nf3 Nf6 6. O-O a6 7. d3 b5 8. Bb3 Nxb3 9. axb3 Bb7 10. e5 b4 0-1

[Event "European Amateur-ch U2000 2019"]
[Site "Rhodes"]
[Date "2019.04.08"]
[Round "3.7"]
[White "Suliborski, Artur"]
[Black "Zanfir, Iulian"]
[Result "1-0"]
[ECO "B12"]
[WhiteElo "1926"]
[BlackElo "1699"]
[Annotator "NA"]
[PlyCount "41"]
[EventDate "2019.04.06"]
[EventType "swiss"]
[EventCountry "GRE"]
[SourceTitle "playchess.com"]
[Source "ChessBase"]
[SourceQuality "1"]
[TimeControl "40/5400+30:1800+30"]

1. e4 c6 2. d4 d5 3. f3 e6 4. Nc3 Nd7 5. Bd3 Ne7 6. Be3 Qb6 7. a3 a5 8. Nge2 a4 9. Rb1 dxe4 10. fxe4 c5 $18 (10... e5 $14) 11. d5 e5 12. O-O Ng6 13. Bb5 Bd6 14. Bxa4 Qd8 15. Nb5 Qe7 16. Ng3 Qf8 17. Nf5 Ra6 18. Nbxd6+ Rxd6 19. Bxc5 Rxd5 20. Qxd5 Nf4 21. Rxf4 1-0

[Event "European Amateur-ch U2000 2019"]
[Site "Rhodes"]
[Date "2019.04.08"]
[Round "3.8"]
[White "Mihalache, Paul-Stelian"]
[Black "Petukhov, Igor"]
[Result "1-0"]
[ECO "D41"]
[WhiteElo "1830"]
[BlackElo "1819"]
[Annotator "NA"]
[PlyCount "83"]
[EventDate "2019.04.06"]
[EventType "swiss"]
[EventCountry "GRE"]
[SourceTitle "playchess.com"]
[Source "ChessBase"]
[SourceQuality "1"]
[TimeControl "40/5400+30:1800+30"]

1. d4 d5 2. Nf3 c5 3. dxc5 e6 4. c4 Bxc5 5. cxd5 Nf6 6. Nc3 Nxd5 7. Nxd5 $11 Qxd5 8. Qxd5 exd5 9. a3 O-O 10. b4 Bb6 11. Bb2 a5 12. b5 a4 13. Bc3 Bd7 14. e3 Rc8 15. Rc1 Ba5 16. Kd2 Be8 17. Bd3 Bxc3+ 18. Rxc3 Rxc3 19. Kxc3 Nd7 20. Nd4 Nc5 21. Rc1 Ne4+ 22. Bxe4 Rc8+ 23. Kb2 Rxc1 24. Bxh7+ Kxh7 25. Kxc1 Kg6 26. Kd2 Kf6 27. Kc3 Ke5 28. Kb4 f5 29. Kxa4 f4 30. Ka5 fxe3 31. fxe3 Ke4 32. Kb6 Kxe3 33. Kc5 Ke4 34. Nb3 Bf7 35. a4 d4 36. Nxd4 b6+ 37. Kxb6 Kxd4 38. Kc7 Bd5 39. b6 Bxg2 40. b7 Bxb7 41. Kxb7 Kc5 42. a5 1-0

[Event "European Amateur-ch U2000 2019"]
[Site "Rhodes"]
[Date "2019.04.08"]
[Round "3.9"]
[White "Mohnblatt, Nicolas"]
[Black "Nagy, Laszlo Bence"]
[Result "0-1"]
[ECO "B28"]
[WhiteElo "1685"]
[BlackElo "1978"]
[Annotator "NA"]
[PlyCount "64"]
[EventDate "2019.04.06"]
[EventType "swiss"]
[EventCountry "GRE"]
[SourceTitle "playchess.com"]
[Source "ChessBase"]
[SourceQuality "1"]
[TimeControl "40/5400+30:1800+30"]

1. e4 c5 2. Nf3 a6 3. d4 cxd4 4. Nxd4 Nf6 5. Nc3 e5 6. Nb3 Bb4 7. f3 d5 8. exd5 Nxd5 9. Bd2 Nxc3 10. bxc3 Be7 11. Bd3 O-O 12. O-O f5 13. c4 Be6 14. Bc3 Nd7 $15 15. Re1 Bf6 16. Rb1 Qc7 17. Kh1 Rfe8 18. Ba1 g6 19. Qe2 Bf7 20. Qf1 Re7 21. Rbd1 Rc8 22. Nd2 Bg7 23. Qf2 Ree8 24. Rb1 Nc5 25. Nb3 Re7 26. Bb2 e4 27. Ba3 exd3 28. Nxc5 dxc2 29. Rxb7 Rxe1+ 30. Qxe1 Qe5 31. Re7 Qxe1+ 32. Rxe1 Bf8 0-1

[Event "European Amateur-ch U2000 2019"]
[Site "Rhodes"]
[Date "2019.04.11"]
[Round "4.1"]
[White "Kostov, Deyan Samuil"]
[Black "Ruzic, Pia Marie"]
[Result "0-1"]
[ECO "A45"]
[WhiteElo "1830"]
[BlackElo "1800"]
[Annotator "NA RC"]
[PlyCount "68"]
[EventDate "2019.04.06"]
[EventType "swiss"]
[EventCountry "GRE"]
[SourceTitle "playchess.com"]
[Source "ChessBase"]
[SourceQuality "1"]
[TimeControl "40/5400+30:1800+30"]

1. d4 Nf6 2. Bg5 g6 3. Bxf6 exf6 4. e3 f5 5. c4 d6 6. Nc3 Nd7 7. g3 Nf6 8. Bg2 h5 9. h4 Bh6 10. Nh3 O-O 11. Qd3 Re8 12. O-O-O c6 13. Rde1 Bd7 14. Kb1 Rb8 15. Nf4 Ne4 16. Nxe4 fxe4 17. Qe2 b5 18. Rhg1 bxc4 19. Qxc4 Qa5 20. Bh3 Bxh3 21. Nxh3 d5 22. Qc2 Rb6 23. Nf4 Reb8 24. Re2 Bf8 25. Qd1 Ba3 26. b3 Qc3 27. Qc2 Qa5 28. Qd1 Bb4 29. g4 Bc3 30. Qc2 Rxb3+ 31. Kc1 Qa3+ 32. Kd1 Rb1+ 33. Qxb1 Rxb1+ 34. Kc2 Qb2# 0-1

[Event "European Amateur-ch U2000 2019"]
[Site "Rhodes"]
[Date "2019.04.11"]
[Round "4.2"]
[White "Zielinski, Olgierd"]
[Black "Demirbas, Emre"]
[Result "0-1"]
[ECO "B33"]
[WhiteElo "1850"]
[BlackElo "1960"]
[Annotator "NA RC"]
[PlyCount "96"]
[EventDate "2019.04.06"]
[EventType "swiss"]
[EventCountry "GRE"]
[SourceTitle "playchess.com"]
[Source "ChessBase"]
[SourceQuality "1"]
[TimeControl "40/5400+30:1800+30"]

1. e4 c5 2. Nf3 e6 3. d4 cxd4 4. Nxd4 Nf6 5. Nc3 $11 Nc6 6. Ndb5 d6 7. Bf4 e5 8. Bg5 a6 9. Bxf6 gxf6 10. Na3 b5 11. Nd5 f5 12. Bxb5 axb5 13. Nxb5 Ra4 14. Nbc7+ Kd7 15. O-O Qg5 16. Nb6+ Kxc7 17. Nxa4 Rg8 18. g3 fxe4 19. Qd5 Qf5 20. Rfe1 Bb7 21. Re3 Bh6 22. Rb3 Rb8 23. Rd1 Qe6 24. Qxe4 Nd4 25. Rxb7+ Rxb7 26. Qxh7 Nf5 27. Rd3 Nd4 28. Rc3+ Kd7 29. Qd3 Qd5 30. Qc4 Nf3+ 31. Kh1 Qxc4 32. Rxc4 Rc7 33. Nb6+ Kd8 34. c3 Rxc4 35. Nxc4 Kc7 36. h4 d5 37. Kg2 Nxh4+ 38. gxh4 dxc4 39. Kf3 f5 40. b3 e4+ 41. Ke2 cxb3 42. axb3 f4 43. f3 e3 44. Kd3 Kd6 45. Ke2 Ke6 46. Kd3 Kf6 47. b4 Bf8 48. b5 Bc5 {[%emt 0:00:04] Kd4 [%emt 00:00:13] Ke5+} 0-1

[Event "European Amateur-ch U2000 2019"]
[Site "Rhodes"]
[Date "2019.04.11"]
[Round "4.3"]
[White "Bozinovic, Boban"]
[Black "Frontzos, Ioannis"]
[Result "1/2-1/2"]
[ECO "C45"]
[WhiteElo "1950"]
[BlackElo "1504"]
[Annotator "NA RC"]
[PlyCount "64"]
[EventDate "2019.04.06"]
[EventType "swiss"]
[EventCountry "GRE"]
[SourceTitle "playchess.com"]
[Source "ChessBase"]
[SourceQuality "1"]
[TimeControl "40/5400+30:1800+30"]

1. e4 e5 2. Nf3 Nc6 3. d4 exd4 4. Nxd4 Nf6 5. Nxc6 bxc6 6. e5 Qe7 7. Qe2 Nd5 8. c4 Nb6 9. Nd2 Qe6 10. a3 d5 11. exd6 Qxe2+ 12. Bxe2 cxd6 13. O-O Be6 14. Bf3 Rc8 15. Re1 Be7 16. b3 Bf6 17. Rb1 O-O 18. Ne4 Be5 19. Bb2 Bf5 20. Bxe5 dxe5 21. c5 Nd5 22. Rbc1 Bxe4 23. Bxe4 Rfe8 24. b4 g6 25. Red1 Red8 26. b5 f5 27. Bxd5+ Rxd5 28. Rxd5 cxd5 29. c6 Kf7 30. a4 Ke7 31. Kf1 Kd6 32. Ke2 h6 1/2-1/2

[Event "European Amateur-ch U2000 2019"]
[Site "Rhodes"]
[Date "2019.04.11"]
[Round "4.4"]
[White "Boesch, Heinz"]
[Black "Flis, Pawel"]
[Result "0-1"]
[ECO "A05"]
[WhiteElo "1929"]
[BlackElo "1903"]
[Annotator "NA RC"]
[PlyCount "81"]
[EventDate "2019.04.06"]
[EventType "swiss"]
[EventCountry "GRE"]
[SourceTitle "playchess.com"]
[Source "ChessBase"]
[SourceQuality "1"]
[TimeControl "40/5400+30:1800+30"]

1. e4 c5 2. Nf3 d6 3. g3 Nc6 4. Bg2 g6 5. O-O Bg7 6. d3 Nf6 7. Nbd2 O-O 8. Re1 Rb8 9. a4 a6 10. e5 dxe5 11. Nxe5 Nxe5 12. Rxe5 Bg4 13. Qe1 Nd7 14. Rxe7 Be6 15. Rxe6 fxe6 16. Qxe6+ Kh8 17. Ne4 Qe8 18. Qxe8 Rbxe8 19. Be3 b6 20. Nc3 Bd4 21. Bc6 Rxe3 22. fxe3 Bxe3+ 23. Kh1 Ne5 24. Be4 Rf2 25. Nd5 Ng4 26. Nxe3 Nxe3 27. a5 Nxc2 28. Rc1 bxa5 29. Bb7 Nb4 30. Rxc5 Nxd3 31. Rxa5 Ne1 32. Kg1 Rxb2 33. Bxa6 Kg8 34. Kf1 Nf3 {[%emt 0:00:15] Kg1 [%clk 00:01:30] Nxh2 [%clk 00:02:46] Kf1 [%clk 00:01:56] Nf3 [%clk 00:03:08]} 35. Be2 Kg7 36. Kf2 Nd2 {[%emt 0:00:10] Kf3 [%clk 00:01:10] Ne4 [%clk 00:02:05]} 37. Ra7+ {[%emt 0:00:00] Nxg3 [%clk 00:31:46] Bc4+ [%clk 00:31:01]} Kh6 {[%emt 0:00:00] Bg8 [%clk 00:27:31] Nf5 [%clk 00:30:44]} 38. Ra4 {[%emt 0:00:00] Ng7 [%clk 00:29:09] Bd5 [%clk 00:23:31] [%emt 00:03:54]} Rb8 39. Ra7 {[%emt 0:00:00] Nh5 [%clk 00:27:23] Be6 [%clk 00:21:14] [%emt 00:02:20] Nf6 [%clk 00:22:54] Bc4 [%clk 00:20:37] [%emt 00:06:06]} Rb4 {[%emt 0:00:00] Ba2 [%clk 00:18:58] [%emt 00:02:10] Rb5 [%clk 00:21:38] [%emt 00:01:15]} 40. Bc4 {[%emt 0:00:00] Rc5 [%clk 00:21:59] [%emt 00:00:08] Ba2 [%clk 00:18:07] [%emt 00:00:19]} Kg5 {[%emt 0:00:00] Bb1 [%clk 00:17:57] [%emt 00:00:41] Rc3+ [%clk 00:19:13] [%emt 00:00:56]} 41. Ke2 {[%emt 0:15:43] Rc5 [%clk 00:17:14] [%emt 00:02:29] Ke3 [%clk 00:18:07] [%emt 00:00:36] Rd5 [%clk 00:17:01] [%emt 00:00:41] Bd3 [%clk 00:15:12] [%emt 00:03:26] Rd7 [%clk 00:10:08] [%emt 00:07:22] Ra5+ [%clk 00:15:21] [%emt 00:00:23] Kh4 [%clk 00:09:52] [%emt 00:00:45] Ra6 [%clk 00:14:46] [%emt 00:01:07] Ng4+ [%clk 00:09:48] [%emt 00:00:32] Ke2 [%clk 00:14:46] [%emt 00:00:31] Re7+ [%clk 00:09:19] [%emt 00:00:58] Kd2 [%clk 00:14:52] [%emt 00:00:25] g5 [%clk 00:04:14] [%emt 00:05:33] Ra1 [%clk 00:12:26] [%emt 00:02:58] Nf2 [%clk 00:03:43] [%emt 00:01:01] Bxh7 [%clk 00:10:32] [%emt 00:02:24] Rxh7 [%clk 00:03:04] [%emt 00:01:10] Ke2 [%clk 00:10:46] [%emt 00:00:16] Nh3 [%clk 00:03:22] [%emt 00:00:10]} 0-1

[Event "European Amateur-ch U2000 2019"]
[Site "Rhodes"]
[Date "2019.04.09"]
[Round "4.5"]
[White "Mohnblatt, Daniel"]
[Black "Suliborski, Artur"]
[Result "0-1"]
[ECO "A57"]
[WhiteElo "1708"]
[BlackElo "1926"]
[Annotator "NA"]
[PlyCount "50"]
[EventDate "2019.04.06"]
[EventType "swiss"]
[EventCountry "GRE"]
[SourceTitle "playchess.com"]
[Source "ChessBase"]
[SourceQuality "1"]
[TimeControl "40/5400+30:1800+30"]

1. d4 Nf6 2. c4 c5 3. d5 b5 4. f3 bxc4 5. e4 d6 6. Bxc4 Nbd7 7. Ne2 g6 8. O-O Bg7 9. Nec3 O-O 10. a4 Ne5 11. Be2 Rb8 12. Na3 g5 13. Qc2 h6 14. h3 Ng6 15. f4 g4 16. f5 Ne5 17. hxg4 Nfxg4 18. Qd1 h5 19. Rf4 e6 20. Rxg4 hxg4 21. Bxg4 Qh4 22. Bh3 exf5 23. exf5 Re8 24. Nc2 Ba6 25. Qe1 Nf3+ 0-1

[Event "European Amateur-ch U2000 2019"]
[Site "Rhodes"]
[Date "2019.04.11"]
[Round "4.6"]
[White "Krzysztynska, Anna"]
[Black "Mihalache, Paul-Stelian"]
[Result "0-1"]
[ECO "A46"]
[WhiteElo "1844"]
[BlackElo "1830"]
[Annotator "NA RC"]
[PlyCount "108"]
[EventDate "2019.04.06"]
[EventType "swiss"]
[EventCountry "GRE"]
[SourceTitle "playchess.com"]
[Source "ChessBase"]
[SourceQuality "1"]
[TimeControl "40/5400+30:1800+30"]

1. d4 Nf6 2. Bf4 Nc6 3. Nf3 e6 4. e3 d6 5. h3 Qe7 6. c3 e5 7. Bh2 Qe6 8. Na3 a6 9. dxe5 dxe5 10. Bc4 Qf5 11. g4 Qd7 12. Bxe5 Bxa3 13. bxa3 Qe7 14. Bxf6 Qxf6 15. Nd4 Ne5 16. Be2 c5 17. Nb3 b6 18. f4 Bb7 19. Rh2 Rd8 20. Qc2 Qh4+ 21. Kf1 Ng6 22. Bc4 O-O 23. Qf2 Qf6 24. Rc1 Rd6 25. Be2 Rfd8 26. Kg1 a5 27. a4 Bc6 28. Qe1 Bxa4 29. Bf3 Bc6 30. Bxc6 Rxc6 31. Rd2 Rcd6 32. Rxd6 Qxd6 33. Rc2 a4 34. Rd2 Qe7 35. Rxd8+ Qxd8 36. Nd2 Qd3 37. Nf3 h6 38. Qd2 Nxf4 39. Qxd3 Nxd3 40. Nd2 Nc1 41. a3 Ne2+ 42. Kf2 Nxc3 43. Ke1 b5 44. e4 Kf8 45. Kf2 b4 46. axb4 cxb4 47. Ke3 Ke7 48. Kd3 Kd6 49. Kc4 Ke5 50. Kxb4 Nxe4 51. Nf1 Kf4 52. Kxa4 Kf3 53. Kb4 Kf2 54. Nh2 Kg2 0-1

[Event "European Amateur-ch U2000 2019"]
[Site "Rhodes"]
[Date "2019.04.11"]
[Round "4.7"]
[White "Nagy, Laszlo Bence"]
[Black "Wlogalski, Olivier"]
[Result "1-0"]
[ECO "A88"]
[WhiteElo "1978"]
[BlackElo "1853"]
[Annotator "NA RC"]
[PlyCount "152"]
[EventDate "2019.04.06"]
[EventType "swiss"]
[EventCountry "GRE"]
[SourceTitle "playchess.com"]
[Source "ChessBase"]
[SourceQuality "1"]
[TimeControl "40/5400+30:1800+30"]

1. d4 f5 2. g3 Nf6 3. Bg2 g6 4. c4 Bg7 5. Nc3 O-O 6. Nf3 d6 7. O-O c6 8. Be3 Na6 9. Qd2 Re8 10. Rfd1 Qc7 11. Rac1 Bd7 12. a3 Qa5 13. Nd5 Qxd2 14. Nxf6+ Bxf6 15. Rxd2 Rac8 16. b4 Kg7 17. Rb1 b5 18. Rc1 bxc4 19. Rxc4 Be6 20. Rc1 h6 21. Rdc2 Bd7 22. Nd2 d5 23. Nb3 g5 24. f4 g4 25. Bd2 e6 26. e3 Be7 27. Bf1 Nb8 28. Nc5 Bxc5 29. dxc5 Re7 30. Bc3+ Kf7 31. Be5 Be8 32. Bd6 Rb7 33. Rb2 a6 34. h3 gxh3 35. Kh2 Ra7 36. Kxh3 Nd7 37. g4 fxg4+ 38. Kxg4 Nf6+ 39. Kf3 Bd7 40. Bd3 Rg8 41. Rh1 h5 42. Be5 Be8 43. Bb8 Ra8 44. Bc7 Ke7 45. a4 Bg6 46. Bxg6 Rxg6 47. Be5 Rag8 48. Rh3 Ne4 49. Rxh5 Rg3+ 50. Ke2 Rg1 51. Rh7+ Ke8 52. Rh2 Rc1 53. Rh8 Rxh8 54. Bxh8 Kd7 55. Bd4 Rh1 56. Kf3 Rf1+ 57. Kg4 Nf2+ 58. Kg5 Nd3 59. Rb3 Ne1 60. Kf6 Nf3 61. Be5 Nd2 62. Rb2 Ne4+ 63. Kf7 Rf3 64. Bd4 Ng3 65. b5 axb5 66. axb5 cxb5 67. Rxb5 Nf5 68. Rb7+ Kc8 69. c6 Nd6+ 70. Kxe6 Nxb7 71. cxb7+ Kxb7 72. f5 Rh3 73. f6 Rh6 74. Ke7 Kc7 75. f7 Rh7 76. Ke8 Rh8+ 1-0

[Event "European Amateur-ch U2000 2019"]
[Site "Rhodes"]
[Date "2019.04.09"]
[Round "4.8"]
[White "Minko, Olga"]
[Black "Zakharov, Denis"]
[Result "1-0"]
[ECO "B09"]
[WhiteElo "1833"]
[BlackElo "1889"]
[Annotator "NA RC"]
[PlyCount "45"]
[EventDate "2019.04.06"]
[EventType "swiss"]
[EventCountry "GRE"]
[SourceTitle "playchess.com"]
[Source "ChessBase"]
[SourceQuality "1"]
[TimeControl "40/5400+30:1800+30"]

1. e4 d6 2. d4 Nf6 3. Nc3 g6 4. f4 Bg7 5. Nf3 O-O 6. Bd3 Nc6 7. O-O e5 8. dxe5 dxe5 9. f5 Nb4 10. fxg6 hxg6 11. Bg5 Nxd3 12. cxd3 c6 13. Kh1 Qc7 14. Qc2 b6 15. Nh4 Nh7 16. Nd5 Qd7 17. Ne7+ Kh8 18. Rxf7 Nxg5 19. Nhxg6+ Kh7 20. Nxf8+ Kh8 21. Neg6+ Kg8 22. Rxd7 Bxf8 23. Qc4+ 1-0

[Event "European Amateur-ch U2000 2019"]
[Site "Rhodes"]
[Date "2019.04.09"]
[Round "4.9"]
[White "Zanfir, Iulian"]
[Black "Mohnblatt, Nicolas"]
[Result "0-1"]
[ECO "D05"]
[WhiteElo "1699"]
[BlackElo "1685"]
[Annotator "NA"]
[PlyCount "174"]
[EventDate "2019.04.06"]
[EventType "swiss"]
[EventCountry "GRE"]
[SourceTitle "playchess.com"]
[Source "ChessBase"]
[SourceQuality "1"]
[TimeControl "40/5400+30:1800+30"]

1. d4 Nf6 2. Nf3 d5 3. e3 c5 4. c3 e6 5. Bd3 Be7 6. Nbd2 b6 7. Ne5 O-O 8. f4 Ba6 9. Bxa6 Nxa6 10. O-O Qc7 11. Qf3 Rad8 12. g4 Nd7 13. Rf2 f6 14. Nxd7 Qxd7 15. Qg3 Nb8 16. Nf3 Nc6 17. h4 Rde8 18. g5 Bd6 19. gxf6 Rxf6 20. h5 Rf5 21. Qh3 Ref8 22. Nh2 Qf7 23. Ng4 Rxh5 24. Qf3 Ne7 25. Rg2 Nf5 26. Nf6+ Qxf6 27. Qxh5 Qh4 28. Qxh4 Nxh4 29. Rg4 Nf5 30. Bd2 Kf7 31. Kf2 h5 32. Rg2 Be7 33. Rh1 Rh8 34. Be1 Bh4+ 35. Ke2 Bxe1 36. Rxe1 g6 37. Rh1 Nd6 38. Kf3 Ne4 39. Rhg1 Rg8 40. Rh1 c4 41. a4 a5 42. Rhg1 Kf6 43. Rb1 Rc8 44. Rbg1 Rg8 45. Rh1 Rh8 46. Rb1 Rc8 47. Rc2 Kf7 48. b3 Nd6 49. b4 Ne4 50. bxa5 bxa5 51. Rb5 Ra8 52. Rb7+ Kf6 53. Rc1 Nd2+ 54. Ke2 Nb3 55. Rc2 Rc8 56. Kf3 Rf8 57. e4 g5 58. e5+ Kg6 59. Kg3 h4+ 60. Kg2 Rxf4 61. Rf2 Rxf2+ 62. Kxf2 Nd2 63. Ra7 Ne4+ 64. Kg2 Nxc3 65. Rxa5 Ne2 66. Ra8 Nxd4 67. a5 c3 68. a6 Nb5 69. a7 Nxa7 70. Rxa7 Kf5 71. Rc7 d4 72. Rc5 Ke4 73. Kh3 d3 74. Rxc3 d2 75. Rc4+ Kxe5 76. Rc5+ Kd4 77. Rc8 Ke3 78. Re8 d1=Q 79. Rxe6+ Kf4 80. Rf6+ Ke5 81. Rf2 Qh1+ 82. Rh2 Qxh2+ 83. Kxh2 Kf4 84. Kg2 Ke3 85. Kh2 Kf2 86. Kh1 g4 87. Kh2 g3+ 0-1

[Event "European Amateur-ch U2000 2019"]
[Site "Rhodes"]
[Date "2019.04.09"]
[Round "4.10"]
[White "Florea, Dorina"]
[Black "Jamba, Alexandru"]
[Result "1-0"]
[ECO "B45"]
[WhiteElo "1734"]
[BlackElo "1852"]
[Annotator "NA RC"]
[PlyCount "132"]
[EventDate "2019.04.06"]
[EventType "swiss"]
[EventCountry "GRE"]
[SourceTitle "playchess.com"]
[Source "ChessBase"]
[SourceQuality "1"]
[TimeControl "40/5400+30:1800+30"]

1. e4 c5 2. Nf3 Nc6 3. d4 cxd4 4. Nxd4 Nf6 5. Nc3 e6 6. Ndb5 Bb4 7. a3 Bxc3+ 8. Nxc3 d5 9. exd5 exd5 10. Bd3 O-O 11. O-O d4 12. Ne4 Bf5 13. Nc5 Bxd3 14. Nxd3 Re8 15. Bf4 Qd5 16. h3 Ne7 17. Ne5 Rad8 18. Qd3 Nc6 19. Nf3 Qe4 20. Qxe4 Rxe4 21. Bg5 Re2 22. Rac1 d3 23. cxd3 Rxd3 24. Rfe1 Rxb2 25. Ne5 Rxa3 26. Nxc6 bxc6 27. Rxc6 h6 28. Rc8+ Kh7 29. Bxf6 gxf6 30. Rc7 Raa2 31. Rxf7+ Kg6 32. Ree7 Rxf2 33. Rg7+ Kf5 34. Rxa7 Rxg2+ 35. Rxg2 Rxa7 36. Rg4 Ra2 37. Rb4 h5 38. Rb5+ Kg6 39. Rc5 f5 40. Rc4 Re2 41. Ra4 Re4 42. Ra2 Kg5 43. Ra8 Re2 44. Rf8 Kf4 45. Rg8 h4 46. Rg7 Re3 47. Kh2 Kf3 48. Rg5 Re2+ 49. Kh1 f4 50. Rg4 Re4 51. Kg1 Re1+ 52. Kh2 Re2+ 53. Kg1 Ra2 54. Rxh4 Ra1+ 55. Kh2 Ke3 56. Rh8 f3 57. Re8+ Kf2 58. Rf8 Ke2 59. Re8+ Kf1 60. h4 f2 61. Re7 Re1 62. Ra7 Ke2 63. Re7+ Kd3 64. Rd7+ Ke4 65. Re7+ Kd5 66. Rf7 f1=Q 1-0

[Event "European Amateur-ch U2000 2019"]
[Site "Rhodes"]
[Date "2019.04.10"]
[Round "5.1"]
[White "Ruzic, Pia Marie"]
[Black "Jamba, Alexandru"]
[Result "1/2-1/2"]
[ECO "A29"]
[WhiteElo "1800"]
[BlackElo "1852"]
[Annotator "NA"]
[PlyCount "64"]
[EventDate "2019.04.06"]
[EventType "swiss"]
[EventCountry "GRE"]
[SourceTitle "playchess.com"]
[Source "ChessBase"]
[SourceQuality "1"]
[TimeControl "40/5400+30:1800+30"]

1. Nf3 Nc6 2. c4 e5 3. Nc3 Nf6 4. g3 Bc5 5. Bg2 d6 6. O-O O-O 7. d3 h6 8. a3 a5 9. b3 {[%emt 0:02:59] A29: English Opening: Four Knights Variation with 4 g3} (9. e3 Re8 10. b3 Ba7 11. Bb2 Bf5 12. h3 Qd7 13. Kh2 Bh7 14. Rc1 Ne7 15. d4 e4 16. Ne5 Qc8 17. Ng4 Nxg4+ 18. hxg4 {1-0 (57) Navara,D (2732)-Balogh,C (2632) Czech Republic 2018}) 9... Bf5 10. Bb2 Qd7 11. e3 e4 $146 ({Predecessor:} 11... Rfe8 12. Nd5 Nxd5 13. cxd5 {½-½ (51) Loeschnauer,R (2465)-Peuraniemi,P (2440) ICCF email 2012}) 12. dxe4 Nxe4 13. Nxe4 Bxe4 14. Qd2 Rfe8 15. Rad1 Qe7 16. Rfe1 Rad8 17. Qc3 f6 18. Nd4 Bxg2 19. Kxg2 Qe4+ 20. f3 Bxd4 21. exd4 $11 ({Much weaker is} 21. fxe4 Bxc3 22. Bxc3 a4 $17) 21... Qf5 22. d5 Ne5 23. Re3 b6 24. Rde1 Kf7 25. R1e2 Nd3 26. b4 Qg6 27. Kf1 Rxe3 28. Rxe3 Ne5 29. Qc1 axb4 30. Bxe5 fxe5 31. axb4 Ra8 32. Qb2 Qe6 1/2-1/2

[Event "European Amateur-ch U2000 2019"]
[Site "Rhodes"]
[Date "2019.04.10"]
[Round "5.2"]
[White "Demirbas, Emre"]
[Black "Bozinovic, Boban"]
[Result "1-0"]
[ECO "B76"]
[WhiteElo "1960"]
[BlackElo "1950"]
[Annotator "NA"]
[PlyCount "43"]
[EventDate "2019.04.06"]
[EventType "swiss"]
[EventCountry "GRE"]
[SourceTitle "playchess.com"]
[Source "ChessBase"]
[SourceQuality "1"]
[TimeControl "40/5400+30:1800+30"]

1. e4 c5 2. Nf3 d6 3. d4 cxd4 4. Nxd4 Nf6 5. Nc3 g6 6. Be3 Bg7 7. f3 O-O 8. Qd2 Nc6 9. g4 Nxd4 10. Bxd4 Be6 11. h4 Qa5 12. h5 Rfc8 13. a3 Rab8 14. Rh2 a6 $14 15. h6 Bh8 16. g5 Nd7 17. Bxh8 Kxh8 18. f4 Qc5 19. O-O-O b5 20. Bh3 Nb6 21. Nd5 Nc4 22. Qc3+ 1-0

[Event "European Amateur-ch U2000 2019"]
[Site "Rhodes"]
[Date "2019.04.10"]
[Round "5.3"]
[White "Suliborski, Artur"]
[Black "Mihalache, Paul-Stelian"]
[Result "0-1"]
[ECO "B33"]
[WhiteElo "1926"]
[BlackElo "1830"]
[Annotator "NA"]
[PlyCount "60"]
[EventDate "2019.04.06"]
[EventType "swiss"]
[EventCountry "GRE"]
[SourceTitle "playchess.com"]
[Source "ChessBase"]
[SourceQuality "1"]
[TimeControl "40/5400+30:1800+30"]

1. e4 c5 2. Nf3 Nc6 3. d4 cxd4 4. Nxd4 Nf6 5. Nc3 e5 6. Ndb5 d6 7. Bg5 a6 8. Na3 b5 9. Bxf6 gxf6 10. Nd5 f5 11. Bxb5 axb5 12. Nxb5 Ra4 13. Nbc7+ Kd7 14. O-O Rg8 {[%emt 0:01:18] B33: Sicilian: Pelikan and Sveshnikov Variations} (14... Rxe4 15. Qh5 Ne7 16. Qxf7 Kc6 17. Rfd1 Nxd5 18. Nxd5 Qd7 19. Qh5 Ba6 20. Qh3 Kb7 21. a4 Ka7 22. Nf6 Qc6 23. Nxe4 Qxe4 {½-½ (48) Valsecchi,A (2510)-Krasenkow,M (2626) Gallipoli 2018}) 15. c4 Rxc4 $146 ({Predecessor:} 15... Qg5 16. g3 Rxc4 17. Na8 fxe4 18. Nab6+ Kd8 19. Nxc4 Nd4 20. f4 exf3 21. Qa4 Ne2+ 22. Kf2 Nxg3 {1-0 (30) Beerdsen,T (2447)-Hill,A (2192) Bruges 2017}) 16. Qb3 Qg5 ({Don't go for} 16... Rxe4 $2 17. Rac1 $18) 17. g3 Rc5 $1 ({Not} 17... Rxe4 $2 18. Rac1 $18) 18. f4 exf4 19. Rxf4 fxe4 20. Rxf7+ Be7 21. Raf1 {[%emt 0:18:14] [#]} Rc1 $11 (21... Rg7 $1 $17 22. Nf6+ {[%mdl 64] Double Attack} Kxc7 23. Rxg7 Qe5 24. Ne8+ Kd8) 22. Qb5 Rxf1+ 23. Qxf1 h5 24. b4 Rg7 25. b5 Nd4 26. Rf2 e3 27. Rb2 Qe5 28. Qc4 e2 29. Nb6+ Kd8 30. Rxe2 Nxe2+ 0-1

[Event "European Amateur-ch U2000 2019"]
[Site "Rhodes"]
[Date "2019.04.10"]
[Round "5.4"]
[White "Frontzos, Ioannis"]
[Black "Kostov, Deyan Samuil"]
[Result "1/2-1/2"]
[ECO "B52"]
[WhiteElo "1504"]
[BlackElo "1830"]
[Annotator "NA"]
[PlyCount "69"]
[EventDate "2019.04.06"]
[EventType "swiss"]
[EventCountry "GRE"]
[SourceTitle "playchess.com"]
[Source "ChessBase"]
[SourceQuality "1"]
[TimeControl "40/5400+30:1800+30"]

1. e4 c5 2. Nf3 d6 3. Bb5+ Bd7 4. Bxd7+ Qxd7 5. c4 Nc6 6. Nc3 g6 7. d4 cxd4 8. Nxd4 Bg7 9. Be3 Nf6 10. f3 O-O 11. O-O Rac8 12. b3 {[%emt 0:02:48] LiveBook: 101 Games} Rfd8 13. Qd2 {[%emt 0:03:12] [#]} Nh5 $146 {[%emt 0:20:27] B52: Sicilian: Moscow Variation with 3...Bd7} ({Predecessor:} 13... e6 14. Rac1 d5 15. cxd5 exd5 16. Nxc6 Rxc6 17. Nxd5 Nxd5 18. exd5 Rd6 19. Rfd1 b6 20. Bf4 Rf6 21. Bg5 {1-0 (30) Drygalov,A (2481)-Jones,G (2682) St Petersburg 2018}) 14. Nxc6 bxc6 15. Rad1 Qc7 16. Ne2 e6 17. Bd4 Bxd4+ 18. Qxd4 e5 $11 19. Qe3 Qb6 20. Qxb6 axb6 21. a4 Ng7 22. b4 Ra8 23. Nc3 Ne6 24. Ra1 Nc7 25. Rfd1 Kf8 26. b5 c5 27. Ra2 Ra7 28. Rda1 Rda8 29. Kf2 Ra5 30. Ke3 Ke7 31. Nb1 Ne6 32. Nc3 Nc7 33. Nb1 Ne6 34. Nd2 Nd4 35. Nb1 1/2-1/2